Map: Lock & Load

Players

RyuKey

  • Race: Terran Terran
  • League: Diamond

ModernDance

  • Race: Terran Terran
  • Spawn Location: 6:00

VOD

Have the link to the VOD?

Description

Time

  • Played on: June 12, 2020, 7:15 a.m.
  • Length: 19:45
Show
View Real Time Build Order
Export as new Build Order

RyuKey Terran 

Build Orders:  

Get SALT Encoding   

  12  0:03  SCV  
  13  0:20  SCV  
  14  0:37  SCV  
  15  0:52  Refinery  
  15  0:53  Refinery  
  15  0:54  SCV  
  16  1:11  SCV  
  17  1:31  SCV  
  18  1:44  Engineering Bay  
  18  1:48  SCV  
  19  1:50  Engineering Bay  
  19  2:05  SCV  
  20  2:22  SCV  
  20  2:27  Outlaw Weapons Level 1  
  20  2:28  Gunslingers Hideout  
  21  2:39  Outlaw Life and Armor Level 1, SCV  
  22  2:56  SCV  
  23  3:01  Tychus  
  23  4:15  SCV  
  24  4:32  SCV  
  25  4:48  Muscle Armory  
  25  4:53  SCV  
  26  5:09  SCV  
  26  5:11  Command Center  
  27  5:26  SCV  
  28  5:43  SCV  
  28  5:47  Outlaw Weapons Level 2, Outlaw Life and Armor Level 2  
  29  6:00  SCV  
  30  6:18  SCV  
  31  6:30  Vanadium Shell  
  31  6:44  SCV  
  32  7:01  SCV  
  32  7:05  SCV  
  34  7:18  SCV  
  35  7:22  SCV  
  35  7:23  Kel-Morian Ripper Rounds  
  36  7:35  SCV  
  36  7:39  SCV  
  38  7:53  SCV  
  38  7:54  Refinery x2  
  38  7:56  SCV  
  40  8:10  SCV  
  40  8:13  SCV  
  42  8:27  SCV  
  43  8:30  SCV  
  44  8:44  SCV  
  44  8:47  SCV  
  46  9:00  Crooked Sam  
  46  9:01  SCV  
  57  9:17  SCV  
  57  9:18  SCV  
  59  9:30  Outlaw Weapons Level 3  
  59  9:31  Outlaw Life and Armor Level 3  
  59  9:34  SCV  
  59  9:35  SCV  
  61  9:51  SCV  
  61  9:52  SCV  
  63  10:15  SCV x2  
  65  10:31  Auto-Turret  
  65  10:35  Auto-Turret  
  65  10:59  Auto-Turret  
  65  11:03  Auto-Turret  
  65  11:29  Auto-Turret  
  65  11:32  Procyon Shade Suit  
  65  12:24  Fixers Safehouse  
  65  12:31  Medivac Platform  
  65  12:40  Miles Blaze Lewis  
  75  13:41  Lt Layna Nikara  
  85  15:22  Flashforce GDM Visor  
  85  15:26  Hades Oil  
  85  15:27  Wildflame Fuel Additives  
  85  15:28  High Capacity Containers  
  85  15:35  KD9a Implosion Core  
  85  15:38  LarsCorp G7 Charges  
  85  16:43  Umojan Repair Nanites  
  85  16:44  Procyon Serum  
  85  17:35  Moebius Restraint Matrix  
  85  18:24  Auto-Turret  
  85  18:25  Auto-Turret  
  85  18:26  Auto-Turret  
  85  18:28  Auto-Turret  
  85  18:29  Auto-Turret  
  85  18:54  Auto-Turret  
  85  18:56  Auto-Turret x2  
  85  18:58  Auto-Turret  
  85  18:59  Auto-Turret  
  85  19:27  Auto-Turret  
Show
View Real Time Build Order
Export as new Build Order

ModernDance Terran 

Build Orders:  

Get SALT Encoding   

  12  0:03  SCV  
  13  0:20  SCV  
  14  0:33  Barracks  
  14  0:38  SCV  
  15  1:02  Supply Depot  
  15  1:06  Orbital Command  
  15  1:14  Refinery  
  15  1:32  Marine  
  16  1:44  Marine  
  17  1:51  SCV  
  17  1:57  Marine  
  17  1:58  Supply Depot  
  19  2:08  SCV  
  19  2:09  Marine  
  21  2:25  SCV  
  22  2:44  Command Center  
  22  2:45  SCV  
  23  3:08  SCV  
  24  3:30  Command Center  
  24  3:38  SCV  
  25  3:42  Refinery  
  25  3:55  SCV  
  26  4:41  Command Center  
  26  4:43  Command Center  
  26  4:50  Refinery  
  26  6:05  Orbital Command  
  26  6:06  SCV  
  28  6:11  Orbital Command  
  28  6:18  Barracks Tech Lab  
  27  6:23  SCV  
  27  6:25  Orbital Command  
  28  6:36  Refinery  
  28  6:37  Orbital Command  
  28  6:40  SCV  
  28  6:42  SCV  
  30  6:57  SCV  
  30  6:59  SCV  
  32  7:06  Engineering Bay  
  32  7:08  Engineering Bay  
  32  7:12  Factory  
  32  7:15  SCV  
  32  7:16  SCV  
  32  7:17  SCV  
  45  7:20  SCV  
  35  7:29  SCV  
  37  7:32  SCV  
  37  7:33  SCV  
  37  7:34  SCV  
  37  7:36  SCV  
  41  7:46  SCV  
  41  7:49  SCV  
  43  7:50  SCV, Terran Infantry Weapons Level 1  
  43  7:51  SCV  
  43  7:52  Terran Infantry Armor Level 1  
  43  7:53  SCV  
  46  8:03  SCV  
  47  8:10  Stabilizer Medpacks  
  47  8:18  Barracks  
  47  8:20  Barracks x2  
  47  8:34  Barracks  
  47  8:36  Barracks  
  47  8:38  Barracks  
  46  9:17  Barracks Tech Lab x3  
  46  9:19  Barracks Reactor x2  
  46  9:20  Unknown  
  46  9:29  Barracks Reactor  
  46  9:34  Armory  
  46  9:48  Command Center  
  46  9:50  Command Center  
  46  9:52  Command Center  
  46  10:10  Concussive Shells  
  46  10:12  Incinerator Gauntlets  
  46  10:13  Juggernaut Plating  
  46  10:47  Command Center  
  46  10:48  Command Center  
  44  10:54  Command Center  
  44  10:57  Medic x4  
  44  10:58  Marine  
  53  11:09  Medic  
  53  11:14  Command Center  
  55  11:20  Command Center  
  55  11:24  Orbital Command  
  55  11:27  Medic x4  
  63  11:36  Orbital Command x2  
  63  11:39  Terran Infantry Weapons Level 2  
  63  11:43  Terran Vehicle and Ship Weapons Level 1  
  63  11:46  Terran Infantry Armor Level 2  
  63  11:57  Orbital Command  
  63  12:03  Marine x7  
  63  12:05  Firebat  
  72  12:10  Marauder  
  74  12:31  Barracks  
  74  12:33  Barracks  
  73  12:58  Marine  
  73  12:59  Marine x9  
  82  13:11  Marine x8  
  82  13:12  Barracks Reactor x2  
  90  13:33  Marine x10  
  100  13:45  Marine, Orbital Command x2  
  100  13:46  Marauder x4  
  109  13:56  Orbital Command  
  109  13:57  Orbital Command  
  109  13:59  Marine x2  
  109  14:11  Marine  
  109  14:12  Marine x4  
  109  14:13  Marine  
  115  14:35  Marine x8  
  122  14:46  Orbital Command  
  122  15:01  Terran Infantry Weapons Level 3, Terran Infantry Armor Level 3  
  121  15:31  Marine  
  121  15:32  Marine x13  
  121  15:38  Terran Vehicle and Ship Weapons Level 2  
  135  15:45  Firebat x2  
  139  15:58  Barracks  
  139  15:59  Barracks x2  
  139  16:06  Command Center  
  139  16:09  Command Center  
  139  16:14  Command Center  
  139  16:15  Command Center  
  129  16:27  Marine x7  
  129  16:28  Marine x7  
  142  16:39  Marine  
  141  16:40  Marine x6  
  141  16:41  Firebat x3  
  151  16:51  Marine  
  151  16:52  Marine x4  
  151  16:54  Barracks Tech Lab  
  151  16:55  Barracks Reactor x2  
  156  17:12  Marine x5  
  156  17:13  Marine x9  
  156  17:17  Marine  
  169  17:24  Marine  
  169  17:25  Marine x3  
  169  17:27  Marine  
  169  17:28  Marine x4  
  169  17:29  Marine  
  176  17:42  Marine x2  
  173  17:57  Marine  
  173  17:58  Marine x9  
  181  18:10  Marine  
  181  18:11  Marine  
  181  18:12  Orbital Command  
  181  18:27  Marine x10  
  181  18:28  Marine x2  
  188  18:30  Orbital Command x2  
  164  18:52  Marine  
  164  18:53  Marine x17  
  164  18:54  Marine  
  178  19:05  Marine x8  
  178  19:06  Marine, Marauder x4  
  178  19:07  Marauder  
Tags
 
Commander
RaynorTychus
League
Diamond
Matchup
Co-op
Add a new tag
Caveats
  • Supply blocks, unpowered buildings, or Contaminate may cause inaccurate times.
  • Supply counts are checked every 10 seconds.